 Dungeon Crawl Stone Soup version 0.27.0-1-g7a089689b8 (webtiles) character file.

Game seed: 4711105610622337639

93 Fv001 the Skirmisher (level 4, -1/37 HPs)
             Began as a Demonspawn Fighter on Aug 9, 2021.
             Slain by Sigmund (7 damage)
             ... on level 2 of the Dungeon.
             The game lasted 00:03:08 (2051 turns).

Fv001 the Skirmisher (Demonspawn Fighter)           Turns: 2051, Time: 00:03:08

Health: -1/37      AC:  6    Str: 17    XL:     4   Next: 36%
Magic:  4/4        EV:  7    Int:  9    God:
Gold:   87         SH:  9    Dex: 13    Spells: 3/3 levels left

rFire    . . .     SeeInvis .   a - +0 long sword
rCold    . . .     Faith    .   c - +0 kite shield
rNeg     . . .     Spirit   .   b - +0 scale mail
rPois    .         Reflect  .   (helmet restricted)
rElec    .         Harm     .   (no cloak)
rCorr    .         Rampage  .   (no gloves)
Will     .....                  (no boots)
Stlth    ..........             (no amulet)
HPRegen  0.12/turn              (no ring)
MPRegen  0.09/turn              (no ring)

@: mighty
A: antennae 1, foul stench 1, condensation shield
a: no special abilities


You were on level 2 of the Dungeon.
You visited 1 branch of the dungeon, and saw 2 of its levels.

You collected 87 gold pieces.

Inventory:

Hand Weapons
 a - a +0 long sword (weapon)
Armour
 b - a +0 scale mail (worn)
 c - a +0 kite shield (worn)
Scrolls
 e - a scroll of identify
 g - a scroll of fog
Potions
 f - a potion of curing
 h - a potion of haste {unknown}


   Skills:
 + Level 3.8 Fighting
 + Level 2.2 Long Blades
 + Level 3.2 Armour
 + Level 0.2 Dodging
 + Level 0.1 Stealth
 + Level 3.4 Shields


You had 3 spell levels left.
You didn't know any spells.
Your spell library was empty.

Dungeon Overview and Level Annotations

Branches:
Dungeon (2/15)

Altars:
Vehumet

Annotations:
D:2 Sigmund


Innate Abilities, Weirdness & Mutations

You have a pair of small antennae on your head.
You may rarely emit foul miasma when damaged in melee.
A meltable shield of frost defends you. (SH +0)


Message History

You hit the goblin.
You kill the goblin!
You see here a +0 dagger.
h - a dark potion You open the door.
There is an open door here.
You open the door.
There is an open door here.
Found a stone staircase leading down.
Sigmund the Dreaded comes into view.
He is wielding a +0 scythe and carrying a wand of flame (19).
Sigmund shouts!
Sigmund casts a spell.
Sigmund flickers and vanishes!
Deactivating autopickup; reactivate with Ctrl-A.
Things that are here:
a +0 dagger; a kobold skeleton Autopickup is now on.
Something hits you!
Deactivating autopickup; reactivate with Ctrl-A.
You feel very mighty all of a sudden.
You closely miss something.
You hear a zap.
A puff of flame appears from out of thin air!
The puff of flame hits you.
Your condensation shield dissipates!
Something hits you.
You hit something. Something hits you!
You miss something. You block something's attack. Something hits you.
Unknown command.
You aren't carrying any items that you can evoke.
You feel better.
You hear a zap.
A puff of flame appears from out of thin air!
The puff of flame hits you.
You slash something! You block something's attack.
You barely miss something. Something completely misses you. Something hits you!
You miss something. Something hits you!
* * * LOW HITPOINT WARNING * * *
Something hits you!
You die...

.+...............................
.######......####.#..#...#.......
.######.......###.#..............
.....##........##.#..............
.....###.#.#.#.#.#...............
.....#..#.#.#.#{#.#.#............
.....#.#.#.#.#.#.#..#...##.#.....
........#[#.#.#.#{#..............
..####.#.#.#.#.#@#..##...........
. #..#.#.#.#.#.#.###.##.#.....
#.#.#.#.#.#.#..###..#.#.....
#..#.#.#.#.#.#..............
#.#.#.#.#.#.#...............
#..#.#.#.#.#.#..............
#..#.#.#.#.#.#..###.#..##...#
##..#.#.#.#.#.#.# #.##.......
#..............# #.##.#.#...


There were no monsters in sight!

Vanquished Creatures
  Natasha (D:2)
  2 adders (D:2)
  A worm (D:2)
  2 dart slugs (D:1)
  2 ball pythons
  6 endoplasms
  2 giant cockroaches
  4 goblins
  4 hobgoblins
  2 jackals (D:1)
  3 quokkas
  4 bats
  2 frilled lizards (D:1)
  5 kobolds
  3 rats
43 creatures vanquished.

Notes
Turn   | Place    | Note
-------+----------+-------------------------------------------
     0 | D:1      | Fv001 the Demonspawn Fighter began the quest for the Orb.
     0 | D:1      | Reached XP level 1. HP: 18/18 MP: 1/1
   131 | D:1      | Found a faded altar of an unknown god.
   148 | D:1      | Gained mutation: You may rarely emit foul miasma when
                  | damaged in melee. [demonic ancestry]
   148 | D:1      | Reached XP level 2. HP: 24/24 MP: 2/2
   619 | D:1      | Gained mutation: A meltable shield of frost defends you.
                  | (SH +0) [demonic ancestry]
   619 | D:1      | Reached XP level 3. HP: 28/29 MP: 3/3
  1293 | D:2      | Found a radiant altar of Vehumet.
  1710 | D:2      | Noticed Natasha
  1716 | D:2      | Killed Natasha
  1717 | D:2      | Gained mutation: You have a pair of small antennae on your
                  | head. [demonic ancestry]
  1717 | D:2      | Reached XP level 4. HP: 24/37 MP: 4/4
  2020 | D:2      | Noticed Sigmund
  2051 | D:2      | Slain by Sigmund

Illustrated notes

Levels and vault maps discovered:
D:1:      erik_arrival_blinker_ship, layout_basic,
          hellmonk_ecumenical_altar_lost_god, due_unseen_surprise
D:2:      layout_basic, basic_altar, kennysheep_crisscross, minivault_23,
          uniq_crazy_yiuf_cottage, uniq_sigmund, uniq_natasha

Skill      XL: |  1  2 |
---------------+-------+-----
Shields        | 3 |  3.4
Long Blades    | 2 |  2.2
Armour         | 3 |  3.2
Fighting       | |  3.8
Dodging        | |  0.2
Stealth        | |  0.1

Action                   |  1- 3 |  4- 6 || total
-------------------------+-------+-------++-------
Melee: Long sword        |   125 |    15 ||   140
  Use: Scroll            |     2 |       ||     2
       Potion            |       |     2 ||     2
Armor: Scale mail        |    62 |     2 ||    64
Dodge: Dodged            |    32 |     1 ||    33
Block: Kite shield       |    92 |     7 ||    99
       Rpst.: Long sword |     6 |       ||     6
